 Dungeon Crawl Stone Soup version 0.29-a0-284-gf9362112df (webtiles) character file.

Game seed: 8618585759699454609

363 rabbitsville the Grave Robber (level 6, -3/41 HPs)
             Began as a Mummy Necromancer on Mar 23, 2022.
             Slain by a phantom (4 damage)
             ... on level 4 of the Dungeon.
             The game lasted 00:11:22 (3394 turns).

rabbitsville the Grave Robber (Mummy Necromancer)   Turns: 3394, Time: 00:11:22

Health: -3/41      AC:  4    Str: 12    XL:     6   Next: 39%
Magic:  14/14      EV: 12    Int: 16    God:
Gold:   168        SH:  0    Dex: 12    Spells: 15/16 levels left

rFire   x . .      SeeInvis .   m - +3 mace (protect)
rCold   + . .      Faith    .   (no shield)
rNeg    + + +      Spirit   .   a - +0 robe
rPois   ∞          Reflect  .   i - +0 helmet
rElec   .          Harm     .   (no cloak)
rCorr   .          Rampage  .   c - +0 pair of gloves
Will    .....                   (no boots)
Stlth   ++........              (no amulet)
HPRegen 0.13/turn               k - ring of positive energy
MPRegen 0.14/turn               (no ring)

@: no status effects
A: cold resistance 1, negative energy resistance 3, torment resistance 2, heat
vulnerability 1, in touch with death 1, no potions
a: no special abilities


You were on level 4 of the Dungeon.
You visited 1 branch of the dungeon, and saw 4 of its levels.

You collected 168 gold pieces.

Inventory:

Hand Weapons
 m - a +3 mace of protection (weapon)
Missiles
 b - 2 poisoned darts (quivered)
Armour
 a - a +0 robe (worn)
 c - a +0 pair of gloves (worn)
 i - a +0 helmet (worn)
Jewellery
 h - a ring of ice
 k - a ring of positive energy (left hand)
Scrolls
 d - a scroll of blinking {unknown}
 e - 2 scrolls of magic mapping {unknown}
 f - 3 scrolls of identify {unknown}
 g - a scroll of noise {unknown}
 j - a scroll of immolation {unknown}
 l - a scroll of brand weapon {unknown}
 n - a scroll of fog {unknown}
 o - 2 scrolls of enchant armour {unknown}
 p - a scroll of teleportation {unknown}
 q - a scroll of amnesia {unknown}


   Skills:
 - Level 1.5 Dodging
 - Level 1.5 Stealth
 + Level 5.6 Spellcasting
 * Level 6.5 Necromancy


You had 15 spell levels left.
You knew the following spells:

 Your Spells              Type           Power      Damage    Failure   Level
a - Pain                  Necr           100%       1d9       1%          1

Your spell library contained the following spells:

 Spells                   Type           Power      Damage    Failure   Level
 Animate Skeleton         Necr           76%        N/A       1%          1
 Vampiric Draining        Necr           38%        2d8       3%          3
 Animate Dead             Necr           19%        N/A       10%         4
 Apportation              Tloc           8%         N/A       14%         1
 Agony                    Necr           38%        N/A       26%         5


Dungeon Overview and Level Annotations

Branches:
Dungeon (3/15)

Altars:

Annotations:
D:3 1 runed translucent door, SirDiesAlot's ghost, amateur DEEE


Innate Abilities, Weirdness & Mutations

You are immune to poison.
Your flesh is cold resistant. (rC+)
You are immune to negative energy. (rN+++)
You are immune to unholy pain and torment.
You are vulnerable to heat. (rF-)
You are in touch with the powers of death.
You do not drink.


Message History

The phantom is heavily damaged.
The phantom hits you but does no damage.
The phantom hits you.
The phantom blinks!
You blink.
You miss the phantom.
The phantom is heavily damaged.
The phantom hits you.
* * * LOW HITPOINT WARNING * * *
You hit the phantom.
Your weapon exudes an aura of protection.
The phantom is heavily damaged.
The phantom hits you.
* * * LOW HITPOINT WARNING * * *
The phantom attacks as you move away!
The phantom hits you but does no damage.
The phantom attacks as you move away! The phantom hits you.
* * * LOW HITPOINT WARNING * * *
The phantom attacks as you move away! The phantom barely misses you.
Throw: 5 darts (poison)
Press: ? - help, Q - select action, (/) - cycle Shift-Dir - straight line, f - phantom
Aim: a phantom (moderately damaged, 43% to hit)
You throw a poisoned dart. The poisoned dart hits the phantom.
The phantom is moderately damaged.
The phantom hits you but does no damage.
Throw: 4 darts (poison)
Press: ? - help, Q - select action, (/) - cycle Shift-Dir - straight line, f/p - phantom
Aim: a phantom (moderately damaged, 43% to hit)
You throw a poisoned dart. The poisoned dart hits the phantom.
The phantom is moderately damaged.
The phantom hits you.
* * * LOW HITPOINT WARNING * * *
Throw: 3 darts (poison)
Press: ? - help, Q - select action, (/) - cycle Shift-Dir - straight line, f/p - phantom
Aim: a phantom (moderately damaged, 43% to hit)
You throw a poisoned dart.
The poisoned dart closely misses the phantom.
The phantom misses you.
You barely miss the phantom.
The phantom is moderately damaged.
The phantom hits you.
You die...

#...............#
#.#
#.#############.##
#.# ...## #.).....#
#.#
###.######.####..###
#.# # #......#.#
#.....######.#
###.####.#.#
#.###........###.
...## #.#.# #.#
#...............
#.## #.#.#
#.###(##########.##.
#.# #.#.# #..@W(#
#.## #.#.# #######
#..# #.#.# ##.#
#.#.# ##.# #.#.#
##.#####.#.###
#............#
#.....#..##..#######
.............).....#


You could see a phantom.

Vanquished Creatures
  A scorpion (D:3)
  2 orc priests (D:4)
  Terence (D:2)
  2 orc wizards (D:4)
  4 gnolls (D:3)
  4 adders
  A worm (D:3)
  A dart slug (D:3)
  11 orcs
  5 endoplasms
  8 giant cockroaches
  6 goblins
  5 hobgoblins
  3 jackals (D:3)
  4 quokkas
  6 ball pythons
  5 bats
  A frilled lizard (D:2)
  9 kobolds
  3 rats
82 creatures vanquished.

Vanquished Creatures (others)
  A plant (D:1)
1 creature vanquished.

Grand Total: 83 creatures vanquished

Notes
Turn   | Place    | Note
-------+----------+-------------------------------------------
     0 | D:1      | rabbitsville the Mummy Necromancer began the quest for the
                  | Orb.
     0 | D:1      | Reached XP level 1. HP: 13/13 MP: 4/4
   264 | D:1      | Reached XP level 2. HP: 16/19 MP: 1/6
   336 | D:1      | Found a faded altar of an unknown god.
   343 | D:1      | Got Plato's Handbook of the Compass
  1102 | D:2      | Gained mutation: You are in touch with the powers of death.
                  | [Mummy growth]
  1102 | D:2      | Reached XP level 3. HP: 19/24 MP: 1/8
  1365 | D:2      | Noticed Terence
  1386 | D:2      | Killed Terence
  1478 | D:2      | Reached XP level 4. HP: 29/30 MP: 8/10
  1702 | D:2      | Identified the +0 leather armour of Akhugixa {rPois rC- rN+
                  | MP+9}
  1783 | D:3      | Reached skill level 5 in Necromancy
  2249 | D:3      | Found a runed translucent door.
  2249 | D:3      | Noticed SirDiesAlot's ghost (amateur DEEE)
  2352 | D:3      | Noticed a scorpion
  2358 | D:3      | Killed a scorpion
  2359 | D:3      | Reached XP level 5. HP: 30/35 MP: 8/12
  2487 | D:3      | Reached skill level 5 in Spellcasting
  2772 | D:3      | You fall into a shaft and drop 1 floor!
  2777 | D:4      | Reached skill level 6 in Necromancy
  2909 | D:4      | Reached XP level 6. HP: 29/41 MP: 7/13
  3392 | D:4      | HP: 1/41 [phantom (3)]
  3394 | D:4      | Slain by a phantom

Illustrated notes

Levels and vault maps discovered:
D:1:      dpeg_arrival_another_circle, layout_basic,
          shapermc_ecumenical_altar_rom_forum, serial_bayou_pond_d, minivault_26
D:2:      layout_rooms, minmay_worlds_worst_comb, uniq_terence
D:3:      layout_loops_ring, gammafunk_ghost_grave
D:4:      layout_loops_ring

Skill      XL: |  1  2  3  4  5 |
---------------+----------------+-----
Spellcasting   | 3 4 5 |  5.6
Necromancy     | 5 6 |  6.5
Dodging        | |  1.5
Stealth        | |  1.5

Action                   |  1- 3 |  4- 6 || total
-------------------------+-------+-------++-------
Melee: Falchion          |    14 |       ||    14
       Mace              |       |    40 ||    40
Throw: Dart              |     1 |     3 ||     4
 Cast: Pain              |    56 |    96 ||   152
 Stab: Sleeping          |       |     3 ||     3
Armor: Robe              |     3 |    20 ||    23
Dodge: Dodged            |    14 |    42 ||    56

Table legend: (Time is in decaauts)
 A = Elapsed time spent in this place.
 B = Non-inter-level travel time spent in this place.
 C = Inter-level travel time spent in this place.
 D = Time resting spent in this place.
 E = Time spent auto-exploring this place.
 F = Levels seen in this place.
 G = Mean time per level.
                   A        B        C        D        E       F      G
               +--------+--------+--------+--------+--------+-----+--------+
         Total |   3411 |   3376 |     35 |    678 |   2023 |   4 |  852.8 |
       Dungeon |   3411 |   3376 |     35 |    678 |   2023 |   4 |  852.8 |
               +--------+--------+--------+--------+--------+-----+--------+

Top non-repeatable levels by time:
     D:3: 1000 daAuts
     D:1: 908 daAuts
     D:2: 874 daAuts
     D:4: 628 daAuts
